 Dungeon Sprint DCSS version 0.28.0-53-g5a82cb258f (webtiles) character file.

Game seed: 9587002605513102234

2786 Groucho the Unseen (level 9, -15/39 HPs)
             Began as a Spriggan Enchanter on July 19, 2022.
             Was a Believer of Makhleb.
             Demolished by a great orb of eyes (18 damage)
             ... in the Dungeon (Sprint II: "The Violet Keep of Menkaure").
             The game lasted 00:05:50 (1200 turns).

Groucho the Unseen (Spriggan Enchanter)             Turns: 1200, Time: 00:05:51

Health: -15/39     AC:  2    Str:  6    XL:     9   Next: 43%
Magic:  18/26      EV: 26    Int: 17    God:    Makhleb [**....]
Gold:   100        SH:  0    Dex: 17    Spells: 21/32 levels left

rFire   + . .      SeeInvis +   a - +1 dagger
rCold   + . .      Faith    .   (no shield)
rNeg    . . .      Spirit   .   b - +0 robe
rPois   +          Reflect  .   (helmet restricted)
rElec   .          Harm     .   (no cloak)
rCorr   .          Rampage  .   (gloves unavailable)
Will    ++...      NoTele   +   (boots unavailable)
Stlth   +++++++...              (no amulet)
HPRegen 0.13/turn               h - ring of Lady Luck {rF+ rC+ Will+ Stlth+}
MPRegen 0.20/turn               c - ring of poison resistance

@: confusing by touch, very quick
A: very small, no large weapons, unfitting armour, see invisible, speed 3
a: Renounce Religion, Minor Destruction


You were in the Dungeon.
You worshipped Makhleb.
Makhleb was pleased with you.
You visited 1 branch You collected 1053 gold pieces.
You spent 953 gold pieces at shops.

Inventory:

Hand Weapons
 a - a +1 dagger (weapon)
Armour
 b - a +0 robe (worn)
Jewellery
 c - a ring of poison resistance (right hand)
 f - a ring of flight
 h - the ring of Lady Luck (left hand) {rF+ rC+ Will+ Stlth+}
   (You bought it in a shop in the Dungeon)

   [ring of protection from fire]

   rF:        It protects you from fire.
   rC:        It protects you from cold.
   Will:      It increases your willpower.
   Stlth:     It makes you more stealthy.
Scrolls
 i - a scroll of blinking
Potions
 g - 2 potions of magic


   Skills:
 - Level 10.0 Short Blades
 + Level 13.3 Dodging
 + Level 15.9 Stealth
 + Level 12.3 Spellcasting
 + Level 12.5 Hexes


You had 21 spell levels left.
You knew the following spells:

 Your Spells              Type           Power      Damage    Failure   Level
a - Confusing Touch       Hex            52%        N/A       1%          3
b - Ensorcelled Hibernat  Hex/Ice        62%        N/A       1%          2
c - Dazzling Flash        Conj/Hex       62%        N/A       1%          3
d - Tukima's Dance        Hex            52%        N/A       1%          3

Your spell library contained the following spells:

 Spells                   Type           Power      Damage    Failure   Level


Dungeon Overview and Level Annotations

Branches:
Dungeon (1/1)

Altars:
Cheibriados
Dithmenos
Elyvilon
Fedhas
Gozag
Hepliaklqana
Kikubaaqudgha
Makhleb
Nemelex Xobeh
Okawaru
Qazlal
Ru
Sif Muna
Trog
Uskayaw
Vehumet
Wu Jian
Xom
Yredelemnul
Zin
The Shining One
Beogh
Jiyva
Lugonu

Shops:
D *(:*:[![([==?[!

Annotations:
D exclusion: oklob plant


Innate Abilities, Weirdness & Mutations

You are very small and have problems with some larger weapons.
You are too small for most types of armour.
You have supernaturally acute eyesight. (SInv)
You cover ground extremely quickly. (Speed+++)


Message History

You see here 18 stones.
Casting: Confusing Touch (safe; 1% risk of failure)
Confirm with . or Enter, or press ? or * to list all spells.
Your hands begin to glow red.
The great orb of eyes barely misses you.
You hit the great orb of eyes but do no damage.
You hit the great orb of eyes but do no damage.
The great orb of eyes bites you!
* * * LOW HITPOINT WARNING * * *
You are too injured to fight recklessly!
You are too injured to fight recklessly!
Okay, then.
Casting: Confusing Touch (safe; 1% risk of failure)
Confirm with . or Enter, or press ? or * to list all spells.
Casting: Dazzling Flash (safe; 1% risk of failure)
Press: ? - help, Dir - look around, f - activate The great orb of eyes gazes at you.
You resist with almost no effort.
Unknown command.
Casting: Dazzling Flash (safe; 1% risk of failure)
Confirm with . or Enter, or press ? or * to list all spells.
Casting: Dazzling Flash (safe; 1% risk of failure)
Press: ? - help, Dir - look around, f - activate The great orb of eyes is dazzled.
The great orb of eyes completely misses you.
Unknown command.
You catch the helpless great orb of eyes completely off-guard!
You hit the great orb of eyes but do no damage.
You hit the great orb of eyes but do no damage.
The great orb of eyes bites you!
* * * LOW HITPOINT WARNING * * *
Okay, then.
You hit the great orb of eyes but do no damage.
You punch the great orb of eyes.
The great orb of eyes is lightly wounded.
You hit the great orb of eyes but do no damage.
The great orb of eyes is lightly wounded.
You hit the great orb of eyes but do no damage.
The great orb of eyes bites you!!
You die... # ## .^. ≈#+++# .. ## ≈.... .. k# ≈≈.## ##.. #. k# ≈≈##. .##.#### +.##.# ≈≈#.)#..# ...# ...#### ####...####..#####..##.# [(!=)

#.###'###.##..#(@G..#..#▓()$?!
..###.###..#..#($#..#.÷#▓??)($[$
.##'.<.'.##'..####..##.#▓?))?!([
.#.##.###..#....###...##▓▓▓▓▓▓▓+
#.###'###.##..§...≈≈≈≈≈≈≈≈≈≈≈≈≈
####.#.####≈§.§§.§≈#'########+###
≈≈#†###†#≈≈≈§≈≈≈§§≈#.÷_.....#≈§§#
#≈##.#.##≈≈≈§≈≈≈§.≈#._._....#§§§§
#≈≈##+##≈≈§§≈§§§§≈≈#_._._...#§§§§


You could see a great orb of eyes (blind).

Vanquished Creatures
  A merfolk siren (D)
  A yaktaur (D)
  3 polar bears (D)
  A hornet (D)
  A blink frog (D)
  2 wyverns (D)
  4 neqoxecs (D)
  Menkaure (D)
  A water moccasin (D)
  4 scorpions (D)
19 creatures vanquished.

Notes
Turn   | Place    | Note
-------+----------+-------------------------------------------
     0 | D        | Groucho the Spriggan Enchanter began the quest for the Orb.
     0 | D        | Reached XP level 1. HP: 9/9 MP: 5/5
     1 | D        | Noticed a neqoxec
     1 | D        | Noticed a neqoxec
     7 | D        | Noticed a neqoxec
     9 | D        | Killed a neqoxec
    10 | D        | Reached skill level 8 in Stealth
    10 | D        | Reached skill level 5 in Spellcasting
    10 | D        | Reached XP level 2. HP: 13/13 MP: 5/9
    10 | D        | Reached XP level 3. HP: 16/16 MP: 6/11
    10 | D        | Reached XP level 4. HP: 21/21 MP: 6/12
    10 | D        | Reached XP level 5. HP: 24/24 MP: 7/14
    16 | D        | Killed a neqoxec
    17 | D        | Reached skill level 9 in Stealth
    17 | D        | Reached XP level 6. HP: 28/28 MP: 7/17
    27 | D        | Killed a neqoxec
    28 | D        | Reached skill level 10 in Stealth
    29 | D        | Found Fisun's Armour Shoppe.
    29 | D        | Found Ixtokhuruc's Jewellery Emporium.
    29 | D        | Found Deulesack's Jewellery Emporium.
    29 | D        | Found Fijit's Antique Armour Shoppe.
    29 | D        | Noticed a neqoxec
    30 | D        | Found Ucvin's Magic Scroll Shoppe.
    30 | D        | Found Izaliv's Antique Weapon Shoppe.
    31 | D        | Killed a neqoxec
    32 | D        | Reached skill level 11 in Stealth
    32 | D        | Reached XP level 7. HP: 24/32 MP: 8/20
    37 | D        | Noticed a merfolk siren
    40 | D        | Killed a merfolk siren
    41 | D        | Reached skill level 10 in Dodging
    41 | D        | Reached skill level 12 in Stealth
    49 | D        | Reached skill level 10 in Hexes
    55 | D        | Reached XP level 8. HP: 25/36 MP: 10/22
    87 | D        | Reached skill level 13 in Stealth
   112 | D        | Learned a level 3 spell: Confusing Touch
   115 | D        | Learned a level 2 spell: Ensorcelled Hibernation
   119 | D        | Learned a level 3 spell: Dazzling Flash
   123 | D        | Learned a level 3 spell: Tukima's Dance
   636 | D        | Found Bolus's Antique Armour Shoppe.
   636 | D        | Found Texoef's Distillery.
   648 | D        | Reached skill level 10 in Spellcasting
   669 | D        | Found Bafroock's Antique Armour Emporium.
   670 | D        | Found Ruotefuc's Distillery.
   671 | D        | Found Zumy's Book Shoppe.
   671 | D        | Found Ebiakh's Assorted Antiques.
   671 | D        | Noticed Menkaure
   671 | D        | Noticed an oklob plant
   690 | D        | Killed Menkaure
   693 | D        | Found Mesut's Antique Weapon Shoppe.
   693 | D        | Found Caqiubiwk's General Store.
   693 | D        | Found Koack's Book Shoppe.
   694 | D        | Noticed an unseen horror
   700 | D        | Bought a ring of poison resistance for 240 gold pieces
   702 | D        | Bought a ring of flight for 192 gold pieces
   702 | D        | Bought the ring of Lady Luck {rF+ rC+ Will+ Stlth+} for 521
                  | gold pieces
   718 | D        | Noticed an unseen horror
   740 | D        | Noticed a blink frog
   742 | D        | Killed a blink frog
   743 | D        | Reached skill level 14 in Stealth
   764 | D        | Found a stormy altar of Qazlal.
   764 | D        | Found an ornate altar of the Wu Jian Council.
   765 | D        | Found a hazy altar of Hepliaklqana.
   765 | D        | Found a sacrificial altar of Ru.
   766 | D        | Found a viscous altar of Jiyva.
   766 | D        | Found a shimmering blue altar of Sif Muna.
   767 | D        | Found a shimmering altar of Xom.
   768 | D        | Found a snail-covered altar of Cheibriados.
   768 | D        | Found an ancient bone altar of Kikubaaqudgha.
   768 | D        | Found a bloodstained altar of Trog.
   769 | D        | Found a shadowy altar of Dithmenos.
   769 | D        | Found a corrupted altar of Lugonu.
   770 | D        | Found a white marble altar of Elyvilon.
   770 | D        | Found a burning altar of Makhleb.
   771 | D        | Found a blossoming altar of Fedhas.
   773 | D        | Found an opulent altar of Gozag.
   773 | D        | Found a glowing golden altar of the Shining One.
   773 | D        | Found a basalt altar of Yredelemnul.
   773 | D        | Found a hide-covered altar of Uskayaw.
   773 | D        | Found a sparkling altar of Nemelex Xobeh.
   773 | D        | Noticed a hornet
   773 | D        | Noticed a polar bear
   774 | D        | Found a glowing silver altar of Zin.
   774 | D        | Found a radiant altar of Vehumet.
   774 | D        | Found an iron altar of Okawaru.
   774 | D        | Noticed a yaktaur
   774 | D        | Noticed a polar bear
   781 | D        | Became a worshipper of Makhleb the Destroyer
   795 | D        | Killed a polar bear
   823 | D        | Reached skill level 10 in Short Blades
   830 | D        | Killed a yaktaur
   830 | D        | Reached * piety under Makhleb
   831 | D        | Reached XP level 9. HP: 17/39 MP: 18/25
   834 | D        | Reached skill level 15 in Stealth
   841 | D        | Killed a polar bear
   845 | D        | Noticed a polar bear
   855 | D        | Killed a polar bear
   855 | D        | Reached ** piety under Makhleb
  1179 | D        | Noticed a death drake
  1186 | D        | Noticed a great orb of eyes
  1200 | D        | Demolished by a great orb of eyes

Illustrated notes

Levels and vault maps discovered:
D:        the_violet_keep_of_menkaure [sprint2_stairs_cluster_1,
          sprint2_shoproom, sprint2_temple, sprint2_basic_supplies,
          sprint2_obstacle_4, sprint2_obstacle_2, sprint2_obstacle_3,
          sprint2_obstacle_7, sprint2_obstacle_6, sprint2_timed_cluster_1,
          sprint2_smallroom_cluster_1, sprint2_smallroom_final_cluster_1,
          sprint2_transparent_cluster_1, sprint2_second_timed_cluster_1,
          sprint2_sniper_area_1, sprint2_heavy_combat_area_1,
          sprint2_mutation_trap_area_1, sprint2_forest_area_1,
          sprint2_light_combat_area_1, sprint2_behind_water_1,
          sprint2_near_end_vault_1]

Skill      XL: |  1  2  3  4  5  6  7  8  9 |
---------------+----------------------------+-----
Short Blades   | 4 6 7 8 10 | 10.0
Dodging        | 6 7 9 10 12 13 | 13.3
Stealth        | 8 9 11 12 14 15 | 15.9
Spellcasting   | 5 7 8 9 11 12 | 12.3
Hexes          | 6 7 8 10 11 12 | 12.5

Action                   |  1- 3 |  4- 6 |  7- 9 || total
-------------------------+-------+-------+-------++-------
Melee: Dagger            |     4 |    18 |    81 ||   103
       Punch             |       |       |     4 ||     4
 Cast: Confusing Touch   |       |       |     5 ||     5
       Ensorcelled Hiber |       |       |     3 ||     3
       Dazzling Flash    |       |       |     2 ||     2
  Use: Potion            |     3 |       |     2 ||     5
 Stab: Invisible         |     2 |     3 |     1 ||     6
       Sleeping          |       |       |    10 ||    10
       Confused          |       |       |     5 ||     5
Armor: Robe              |       |     1 |     3 ||     4
Dodge: Dodged            |     1 |     8 |    44 ||    53
